 Dungeon Crawl Stone Soup version 0.32-a0-932-g546787307d (webtiles) character file.

Game seed: 7007537960030774916

353 Decritt the Trooper (level 6, -3/41 HPs)
             Began as a Gargoyle Fighter on Apr 14, 2024.
             Was an Initiate of Ru.
             Shot with an arrow by a centaur (4 damage)
             ... on level 4 of the Dungeon.
             The game lasted 00:05:58 (2530 turns).

Decritt the Trooper (Gargoyle Fighter)              Turns: 2530, Time: 00:05:59

Health: -3/41      AC: 12    Str: 21    XL:     6   Next: 62%
Magic:  0/6        EV:  8    Int:  9    God:    Ru [......]
Gold:   222        SH:  4    Dex:  9    Spells: 5/5 levels left

rFire   . . .        a - +0 war axe
rCold   . . .        c - +0 buckler
rNeg    + . .        b - +0 scale mail
rPois   ∞            e - +0 helmet
rElec   +            (no cloak)
rCorr   .            (no gloves)
SInv    .            (no boots)
Will    .....        m - amulet of guardian spirit Stlth
                     (no ring)
HPRegen 0.26/turn    (no ring)
MPRegen 0.10/turn

%: guardian spirit
@: no status effects
A: sickness immunity, AC +4, negative energy resistance 1, electricity
resistance, torment resistance 1, petrification resistance
a: Renounce Religion


You were on level 4 of the Dungeon.
You worshipped Ru.
Ru was noncommittal.
You visited 1 branch of the dungeon, and saw 4 of its levels.

You collected 222 gold pieces.

Inventory:

Hand Weapons
 a - a +0 war axe (weapon)
Armour
 b - a +0 scale mail (worn)
 c - a +0 buckler (worn)
 e - a +0 helmet (worn)
Jewellery
 m - an amulet of guardian spirit (around neck)
 q - a ring of fire
Wands
 i - a wand of mindburst (13)
Scrolls
 f - a scroll of teleportation
 g - a scroll of immolation
 h - 2 scrolls of blinking
 l - a scroll of revelation
Potions
 d - a potion of might
 j - 3 potions of haste
 n - a potion of attraction {unknown}
 o - a potion of curing {unknown}


   Skills:
 * Level 6.0 Fighting
 + Level 3.4 Axes
 + Level 4.7 Armour
 - Level 3.4 Shields


You had 5 spell levels left.
You didn't know any spells.
Your spell library contained the following spells:

 Spells                   Type           Power      Damage    Failure   Level
 Call Canine Familiar     Summ           0%         N/A       98%         3
 Sigil of Binding         Hex            0%         N/A       98%         3
 Dimensional Bullseye     Hex/Tloc       0%         N/A       100%        4


Dungeon Overview and Level Annotations

Branches:
Dungeon (4/15)             Temple (0/1) D:4

Altars:
Makhleb
Ru
Sif Muna

Shops:
D:2 (

Annotations:
D:4 Pikel


Innate Abilities, Weirdness & Mutations

You are immune to sickness and miasma.
Your stone body is resilient. (AC +4)
You are immune to poison.
You resist negative energy. (rN+)
You are resistant to electric shocks. (rElec)
You are resistant to unholy torment.
You are immune to petrification.


Message History

You block the centaur's attack. x2; The centaur barely misses you.
Pikel barely misses you. The centaur barely misses you. x2
You closely miss Pikel.
Pikel is moderately wounded.
You hit the centaur. Pikel barely misses you. The centaur closely misses you.
The centaur kicks you but does no damage.
Pikel barely misses you.
The centaur hits you but does no damage.
The centaur kicks you but does no damage.
You hit Pikel but do no damage.
Pikel is moderately wounded.
You slash the centaur!
The centaur hits you but does no damage.
The centaur kicks you but does no damage.
Pikel hits you with a +1 whip of freezing!
Pikel freezes you. You block the centaur's attack.
The centaur barely misses you.
You hit the centaur.
The centaur is severely wounded.
You hit Pikel.
The centaur hits you but does no damage.
The centaur closely misses you.
Pikel hits you with a +1 whip of freezing!
* * * LOW HITPOINT WARNING * * *
Pikel freezes you.
* * * LOW HITPOINT WARNING * * *
The centaur barely misses you.
The centaur kicks you but does no damage.
Pikel hits you with a +1 whip of freezing!
* * * LOW HITPOINT WARNING * * *
Pikel freezes you.
* * * LOW HITPOINT WARNING * * *
Okay, then.
Blink to where?
Press: ? - help, Dir - move target
As you read the scroll of blinking, it crumbles to dust.
The centaur wields a +0 orcbow.
The centaur shoots an arrow.
The arrow hits you.
You die...
Ru respects your ultimate sacrifice.

##.#..........#..#########..gg,,,
#..##.........##..........B...,,,
..#*#...5.....############.)gg,,,
#$.....##K###.#...#...####..g.,,,
*########§###.....)....###....,,,
* #.c.............###...,,,
********#........)......###..S,,,
,,,,,,,..........)......###...,,,
*******##.......@.)<...####...,,<
* #.....#...#>..#####...,,, *
#.....################*** *
######################
################ ################
################


You could see a centaur.

Vanquished Creatures
  A phantom (D:4)
  A sleepcap (D:4)
  2 adders
  3 dart slugs
  An orc (D:3)
  6 endoplasms
  3 giant cockroaches (D:3)
  2 goblins
  4 hobgoblins
  7 kobolds
  A quokka (D:3)
  2 ball pythons (D:1)
  2 bats
  4 frilled lizards
  2 rats
41 creatures vanquished.

Vanquished Creatures (collateral kills)
  Sigmund (D:4)
  Ijyb (D:4)
  A goblin (D:4)
3 creatures vanquished.

Grand Total: 44 creatures vanquished

Notes
Turn   | Place    | Note
-------+----------+-------------------------------------------
     0 | D:1      | Decritt the Gargoyle Fighter began the quest for the Orb.
     0 | D:1      | Reached XP level 1. HP: 14/14 MP: 1/1
   254 | D:1      | Reached XP level 2. HP: 17/19 MP: 2/2
   970 | D:2      | Reached XP level 3. HP: 23/24 MP: 3/3
  1041 | D:2      | Reached skill level 4 in Fighting
  1170 | D:2      | Found Kisiunewk's Antique Weapon Emporium.
  1597 | D:3      | Reached XP level 4. HP: 29/29 MP: 4/4
  1630 | D:3      | Found a shimmering blue altar of Sif Muna.
  1951 | D:3      | Found a burning altar of Makhleb.
  2035 | D:3      | Found a sacrificial altar of Ru.
  2045 | D:3      | Became a worshipper of Ru the Awakened
  2325 | D:4      | Noticed a phantom
  2341 | D:4      | Killed a phantom
  2342 | D:4      | Reached XP level 5. HP: 13/34 MP: 1/5
  2344 | D:4      | Reached skill level 5 in Fighting
  2389 | D:4      | Noticed Pikel
  2389 | D:4      | Noticed a lemure
  2389 | D:4      | Noticed a lemure
  2389 | D:4      | Noticed a lemure
  2389 | D:4      | Noticed a lemure
  2389 | D:4      | Noticed a centaur
  2392 | D:4      | Noticed Ijyb
  2392 | D:4      | Noticed Sigmund
  2408 | D:4      | Killed Ijyb
  2414 | D:4      | Killed Sigmund
  2415 | D:4      | Reached skill level 6 in Fighting
  2415 | D:4      | Reached XP level 6. HP: 25/41 MP: 3/6
  2529 | D:4      | HP: 1/41 [Pikel/+1 whip of freezing (2)]
  2530 | D:4      | Shot with an arrow by a centaur

Illustrated notes

Levels and vault maps discovered:
D:1:      dpeg_arrival_signposts, layout_basic, minmay_small_reverse_x
D:2:      layout_basic, serial_shops, nicolae_shop_dealshenge
D:3:      layout_basic, marbit_many_paths, lightli_temple_of_fire, led_sif_book,
          minmay_misc_feat_x, kennysheep_boxes
D:4:      layout_rooms, nicolae_uskayaw_dance_hall, temple_fountains,
          minmay_fractal_squares_gapless_5, uniq_ijyb, uniq_robin, uniq_pikel,
          uniq_sigmund

Skill      XL: |  1  2  3  4  5 |
---------------+----------------+-----
Axes           | 2 3 |  3.4
Fighting       | 4 6 |  6.0
Armour         | 4 |  4.7
Shields        | |  3.4

Action                     |  1- 3 |  4- 6 || total
---------------------------+-------+-------++-------
  Melee: War axe           |    87 |    37 ||   124
    Use: Scroll            |       |     9 ||     9
 Armour: Scale mail        |    78 |    64 ||   142
  Dodge: Dodged            |    41 |    24 ||    65
  Block: Buckler           |    17 |    10 ||    27

Table legend: (Time is in decaauts)
 A = Elapsed time spent in this place.
 B = Non-inter-level travel time spent in this place.
 C = Inter-level travel time spent in this place.
 D = Time resting spent in this place.
 E = Time spent auto-exploring this place.
 F = Levels seen in this place.
 G = Mean time per level.
                   A        B        C        D        E       F      G
               +--------+--------+--------+--------+--------+-----+--------+
         Total |   2579 |   2500 |     79 |    101 |   1941 |   4 |  644.8 |
       Dungeon |   2579 |   2500 |     79 |    101 |   1941 |   4 |  644.8 |
               +--------+--------+--------+--------+--------+-----+--------+

Top non-repeatable levels by time:
     D:1: 964 daAuts
     D:3: 962 daAuts
     D:2: 436 daAuts
     D:4: 216 daAuts
